 Dungeon Crawl Stone Soup version 0.26-a0-1079-g3a4175ecf3 (webtiles) character file.

Game seed: 4737559921173983067

498 KristoblXynda the Slasher (level 6, -3/53 HPs)
             Began as a Draconian Gladiator on Dec 14, 2020.
             Slain by a wraith (10 damage)
             ... in an ossuary.
             The game lasted 00:06:13 (4374 turns).

KristoblXynda the Slasher (Draconian Gladiator)     Turns: 4374, Time: 00:06:13

Health: -3/53      AC:  7    Str: 17    XL:     6   Next: 94%
Magic:  6/6        EV: 19    Int: 10    God:
Gold:   148        SH:  0    Dex: 18    Spells: 5/5 levels left

rFire    . . .     SeeInvis .   w - +3 dagger
rCold    . . .     Faith    +   (no shield)
rNeg     . . .     Spirit   .   (armour unavailable)
rPois    .         Reflect  .   b - +0 hat
rElec    .         Harm     .   h - +0 cloak
rCorr    .         Rampage  .   (no gloves)
Will     .....                  (no boots)
Stlth    ++........             u - amulet of faith
HPRegen  0.17/turn              f - +6 ring of dexterity
MPRegen  0.10/turn              l - +4 ring of evasion

@: slowed, very slow
A: unfitting armour, cold-blooded, AC +6
a: no special abilities


You were in an ossuary.
You visited 1 branch of the dungeon, and saw 4 of its levels.
You also visited: Ossuary.

You collected 148 gold pieces.

Inventory:

Hand Weapons
 a - a +0 long sword
 v - a +2 dagger of draining
 w - a +3 dagger (weapon)
Missiles
 c - 3 throwing nets (quivered)
Armour
 b - a +0 hat (worn)
 h - a +0 cloak (worn)
Jewellery
 f - a +6 ring of dexterity (left hand)
 l - a +4 ring of evasion (right hand)
 u - an amulet of faith (around neck)
Wands
 q - a wand of polymorph (8)
Scrolls
 e - a scroll of random uselessness {unknown}
 i - 3 scrolls of teleportation
 j - 2 scrolls of remove curse
 k - a scroll of immolation {unknown}
 m - 2 scrolls of enchant armour {unknown}
Potions
 d - a potion of brilliance
 g - a potion of haste
 n - a potion of attraction {unknown}
 o - a potion of heal wounds {unknown}
 p - 2 potions of magic
 r - a potion of flight {unknown}
 s - a potion of degeneration {unknown}
 t - 2 potions of lignification


   Skills:
 + Level 4.4 Fighting
 * Level 5.7 Long Blades
 - Level 2.3 Throwing
 + Level 4.2 Dodging


You had 5 spell levels left.
You didn't know any spells.
Your spell library was empty.

Dungeon Overview and Level Annotations

Branches:
Dungeon (4/15)            Ossuary (1/1)
 Temple: D:4-7

Altars:
Nemelex Xobeh
Okawaru


Innate Abilities, Weirdness & Mutations

Your plain brown scales are hard. (AC +6)
You cannot fit into any form of body armour.
You are cold-blooded and may be slowed by cold attacks.


Message History

* * * LOW HITPOINT WARNING * * *
The wraith barely misses you.
You hit the wraith but do no damage.
You tail-slap the wraith, but do no damage.
The wraith is almost destroyed.
The wraith misses you.
You hit the wraith.
You tail-slap the wraith, but do no damage.
The wraith is almost destroyed.
The wraith closely misses you.
You hit the wraith but do no damage.
You tail-slap the wraith, but do no damage.
The wraith is almost destroyed.
The wraith hits you.
* * * LOW HITPOINT WARNING * * *
The wraith hits you!
* * * LOW HITPOINT WARNING * * *
Okay, then.
The wraith hits you!
You die...

#...............# #W# #....
#.###..//?..###.###▓#####.8.8
#.#z#..!!?..# #.'.....'......
#.###..!!?..###.###▓#####.8.8
#...............# #z# #....
#.###..###..###.# ### #####
#.#.#..#z#..#.#.#
#.'##..###..##'.#
#...........@W..#
#################


You could see a wraith.

Vanquished Creatures
  A wraith (Ossuary)
  4 wights (Ossuary)
  Crazy Yiuf (D:2)
  Ijyb (D:3)
  2 adders (D:2)
  2 adder zombies (Ossuary)
  5 worms
  2 dart slugs
  A leopard gecko (D:3)
  2 orcs (D:3)
  5 giant cockroaches
  5 hobgoblins
  5 jackals (D:3)
  8 kobolds
  A quokka (D:2)
  2 ball pythons (D:3)
  3 bats
  4 frilled lizards
  15 goblins
  A hobgoblin skeleton (Ossuary)
  A hobgoblin zombie (Ossuary)
  2 kobold zombies (Ossuary)
  2 orc zombies (Ossuary)
  13 rats
88 creatures vanquished.

Notes
Turn   | Place    | Note
-------+----------+-------------------------------------------
     0 | D:1      | KristoblXynda the Draconian Gladiator began the quest for
                  | the Orb.
     0 | D:1      | Reached XP level 1. HP: 17/17 MP: 1/1
   211 | D:1      | Reached XP level 2. HP: 22/25 MP: 2/2
  1344 | D:2      | Reached XP level 3. HP: 24/30 MP: 3/3
  1466 | D:2      | Found an iron altar of Okawaru.
  1723 | D:2      | Found a sparkling altar of Nemelex Xobeh.
  2263 | D:2      | Reached XP level 4. HP: 38/38 MP: 4/4
  2452 | D:2      | Found a runed translucent door.
  2453 | D:2      | Noticed Crazy Yiuf
  2513 | D:2      | Killed Crazy Yiuf
  2699 | D:3      | Reached skill level 4 in Long Blades
  3433 | D:3      | Reached XP level 5. HP: 45/45 MP: 5/5
  3465 | D:3      | Noticed Ijyb
  3477 | D:3      | Killed Ijyb
  3581 | D:4      | Found a sand-covered staircase.
  3593 | Ossuary  | Entered an ossuary
  3878 | Ossuary  | Noticed a wraith
  3878 | Ossuary  | Noticed a flying skull
  3901 | Ossuary  | Reached skill level 5 in Long Blades
  3901 | Ossuary  | Reached XP level 6. HP: 35/50 MP: 6/6
  3993 | Ossuary  | Noticed a flying skull
  4060 | Ossuary  | Noticed a flying skull
  4062 | Ossuary  | Noticed a flying skull
  4067 | Ossuary  | Noticed a wraith
  4095 | Ossuary  | Killed a wraith
  4347 | Ossuary  | Noticed a wraith
  4374 | Ossuary  | Slain by a wraith

Illustrated notes

Levels and vault maps discovered:
D:1:      psy_arrival_spokes, layout_basic
D:2:      layout_loops_corners, nemelex_xobeh_ov_fountains_minmay,
          okawaru_gym_becter, uniq_crazy_yiuf_cottage
D:3:      kennysheep_goblin_castle, layout_basic
D:4:      layout_basic, kennysheep_little_box, temple_fountains,
          enter_ossuary_1, uniq_blork_the_orc, uniq_pikel
Ossuary:  ossuary_due_cavern

Skill      XL: |  1  2  3  4  5  6 |
---------------+-------------------+-----
Throwing       | 2 |  2.3
Dodging        | 3 4 |  4.2
Fighting       | 3 4 |  4.4
Long Blades    | 4 5 |  5.7

Action                   |  1- 3 |  4- 6 || total
-------------------------+-------+-------++-------
Melee: Long sword        |   106 |   155 ||   261
       Tailslap          |    16 |    54 ||    70
       Dagger            |       |    31 ||    31
Throw: Throwing net      |       |     1 ||     1
  Use: Scroll            |       |     6 ||     6
       Potion            |       |     1 ||     1
 Stab: Sleeping          |     4 |     4 ||     8
       Held in net/web   |       |     1 ||     1
Armor: Skin              |    18 |    39 ||    57
Dodge: Dodged            |    71 |   160 ||   231
       Rpst.: Long sword |    20 |    44 ||    64

Table legend: (Time is in decaauts)
 A = Elapsed time spent in this place.
 B = Non-inter-level travel time spent in this place.
 C = Inter-level travel time spent in this place.
 D = Time resting spent in this place.
 E = Time spent auto-exploring this place.
 F = Levels seen in this place.
 G = Mean time per level.
                   A        B        C        D        E       F      G
               +--------+--------+--------+--------+--------+-----+--------+
         Total |   4443 |   4342 |    101 |   1446 |   1898 |   5 |  888.6 |
       Dungeon |   3629 |   3528 |    101 |    934 |   1898 |   4 |  907.2 |
       Ossuary |    814 |    814 |      0 |    512 |      0 |   1 |  814.0 |
               +--------+--------+--------+--------+--------+-----+--------+

Top non-repeatable levels by time:
     D:2: 1678 daAuts
     D:1: 1036 daAuts
     D:3: 901 daAuts
 Ossuary: 814 daAuts
     D:4: 12 daAuts
